 Dungeon Crawl Stone Soup version 0.24.0-1-gfbc8707122 (webtiles) character file.

Game seed: 16730913524839435458, levelgen mode: deterministic

1017 Shavain the Fighter (level 8, -2/92 HPs)
             Began as an Ogre Hunter on Oct 26, 2019.
             Was a Believer of Okawaru.
             Slain by a gnoll sergeant
             ... wielding a +6 spear of venom
              (14 damage)
             ... on level 6 of the Dungeon.
             The game lasted 00:26:05 (5986 turns).

Shavain the Fighter (Ogre Hunter)                   Turns: 5986, Time: 00:26:06

Health: -2/92      AC:  4    Str: 24    XL:     8   Next: 22%
Magic:  10/12      EV: 13    Int: 12    God:    Okawaru [**....]
Gold:   210        SH:  0    Dex: 11    Spells: 7/7 levels left

rFire    . . .     SeeInvis .   F - +8 hand axe of Waler {venom, MR++}
rCold    . . .     Gourm    .   (no shield)
rNeg     . . .     Faith    .   b - +0 robe
rPois    .         Spirit   .   (helmet restricted)
rElec    .         Reflect  .   k - +0 cloak
rCorr    .         Harm     .   (gloves unavailable)
MR       ++...                  (boots unavailable)
Stlth    +++.......             (no amulet)
HPRegen  0.25/turn              g - +3 ring of strength
MPRegen  0.13/turn              n - +4 ring of strength

@: lethally poisoned (-2 -> -17), heroism
A: large, unfitting armour, tough skin 1
a: Heroism, Renounce Religion


You were on level 6 of the Dungeon.
You worshipped Okawaru.
Okawaru was pleased with you.
You were hungry.

You visited 1 branch of the dungeon, and saw 6 of its levels.

You collected 210 gold pieces.

Inventory:

Hand Weapons
 r - a +0 mace
 F - the +8 hand axe of Waler (weapon) {venom, MR++}
   (You found it on level 5 of the Dungeon)

   It poisons the flesh of those it strikes.
   It affects your resistance to hostile enchantments.
 I - the +4 hand axe of Indignation {speed, Dex+3}
   (You found it on level 6 of the Dungeon)

   Attacks with this weapon are significantly faster.
   It affects your dexterity (+3).
Missiles
 c - 9 large rocks
 d - 6 throwing nets (quivered)
 e - 171 stones
 j - 32 poisoned darts
 l - 6 javelins
 t - 3 atropa-tipped darts
 G - 8 boomerangs
Armour
 b - a +0 robe (worn)
 k - a +0 cloak (worn)
Jewellery
 a - an uncursed ring of stealth
 g - a +3 ring of strength (left hand)
 n - a +4 ring of strength (right hand)
 y - a cursed -2 ring of protection {unknown}
 B - a +2 ring of intelligence {unknown}
Wands
 v - a wand of disintegration (13)
 x - a wand of iceblast (8)
 z - a wand of flame (16)
Scrolls
 i - a scroll of blinking
 m - 5 scrolls of remove curse {@r2}
 o - 2 scrolls of fear
 p - a scroll of enchant weapon
 q - a scroll of fog {unknown}
 s - 2 scrolls of teleportation
 w - a scroll of magic mapping {unknown}
 D - a scroll of amnesia {unknown}
 E - a scroll of enchant armour {unknown}
Potions
 h - a potion of curing {@q1}
 u - a potion of heal wounds
 A - a potion of flight {unknown}
 C - 2 potions of magic {unknown}
 H - a potion of mutation {unknown}
Comestibles
 f - 11 rations
 J - 10 chunks of flesh


   Skills:
 + Level 9.4(14.4) Fighting
 - Level 1.5(6.5) Maces & Flails
 - Level 4.0(9.0) Throwing
 - Level 0.3(5.3) Armour
 - Level 2.0(7.0) Dodging
 - Level 0.6(5.6) Stealth
 + Level 5.9 Invocations


You had 7 spell levels left.
You didn't know any spells.
Your spell library contained the following spells:

 Spells                   Type           Power        Failure   Level  Hunger
 Confusing Touch          Hex            #.....       32%         1    ##.....
 Corona                   Hex            #......      32%         1    ##.....
 Ensorcelled Hibernation  Hex/Ice        #.....       45%         2    ###....
 Confuse                  Hex            #.......     69%         3    ####...
 Dazzling Spray           Conj/Hex       #.....       69%         3    ####...
 Gell's Gravitas          Tloc           #.........   69%         3    ####...
 Tukima's Dance           Hex            #.......     69%         3    ####...
 Petrify                  Tmut/Erth      #.......     97%         4    #####..
 Metabolic Englaciation   Hex/Ice        #.........   100%        5    ######.
 Yara's Violent Unravell  Hex/Tmut       #.........   100%        5    ######.


Dungeon Overview and Level Annotations

Branches:
Dungeon (6/15)
 Temple: D:4-7

Altars:
Ashenzari
Dithmenos
Elyvilon
Hepliaklqana
Okawaru
Trog
The Shining One


Innate Abilities, Weirdness & Mutations

You are too large for most types of armour.
You have tough skin. (AC +1)


Message History

* * * LOW HITPOINT WARNING * * *
You gain the combat prowess of a mighty hero.
You hear the brisk hiss of a very distant avalanche of sand.
You feel sick. The gnoll sergeant misses you.
You feel better.
The gnoll sergeant hits you with a +6 spear of venom.
* * * LOW HITPOINT WARNING * * *
You are poisoned.
You slash the gnoll sergeant!
The gnoll sergeant is poisoned.
The gnoll sergeant is heavily wounded.
You feel sick.
The gnoll sergeant hits you with a +6 spear of venom!
* * * LOW HITPOINT WARNING * * *
You are lethally poisoned!
* * * LOW HITPOINT WARNING * * *
You feel sick.
* * * LOW HITPOINT WARNING * * *
You feel sick.
The gnoll sergeant hits you from afar with a +6 spear of venom!
You die...

##..h.#.##...#...............
............# #.....##...##
.......##..## #.....##...#
###########.........#
#.....g...##.##......
#.....#...##........#
#...@.#.>.##.......##
#.....#...##....[.##
...#...#######)).....#
........รท#####...###..#
............)....# #..#
.(..........###### #..#
.............# #..#
....#.......## #..#
....#........ #..#


You could see a gnoll sergeant.

Vanquished Creatures
  Eustachio (D:5)
  A sky beast (D:4)
  A centaur (D:5)
  A howler monkey (D:6)
  3 crimson imps
  2 orc priests
  3 hounds
  2 iguanas (D:5)
  4 worker ants
  A killer bee zombie (D:5)
  A worker ant zombie (D:5)
  3 adders
  9 gnolls (D:6)
  A shadow imp (D:6)
  A dart slug (D:3)
  6 leopard geckos
  6 orcs
  2 ball pythons
  4 giant cockroaches
  9 goblins
  9 hobgoblins
  17 jackals
  2 quokkas
  A ball python skeleton (D:4)
  5 bats
  6 frilled lizards
  A giant cockroach zombie (D:5)
  9 kobolds
  9 rats
120 creatures vanquished.

Notes
Turn   | Place    | Note
-------+----------+-------------------------------------------
     0 | D:1      | Shavain the Ogre Hunter began the quest for the Orb.
     0 | D:1      | Reached XP level 1. HP: 22/22 MP: 1/1
    46 | D:1      | Reached skill level 3 in Fighting
    60 | D:1      | Reached XP level 2. HP: 13/31 MP: 2/2
   220 | D:1      | Reached skill level 4 in Fighting
   741 | D:1      | Reached XP level 3. HP: 36/40 MP: 3/3
  1317 | D:2      | Reached skill level 1 in Maces & Flails
  1638 | D:2      | Reached XP level 4. HP: 49/49 MP: 4/4
  1642 | D:2      | Reached skill level 5 in Fighting
  2304 | D:3      | Found a shadowy altar of Dithmenos.
  2606 | D:3      | Found an iron altar of Okawaru.
  2614 | D:3      | Became a worshipper of Warmaster Okawaru
  3154 | D:4      | Reached XP level 5. HP: 29/59 MP: 5/5
  4088 | D:4      | Reached skill level 6 in Fighting
  4088 | D:4      | Reached skill level 1 in Invocations
  4119 | D:5      | Entered Level 5 of the Dungeon
  4164 | D:5      | Noticed a sky beast
  4186 | D:4      | Killed a sky beast
  4186 | D:4      | Reached XP level 6. HP: 27/68 MP: 5/7
  4481 | D:5      | Reached skill level 7 in Fighting
  4786 | D:5      | Reached * piety under Okawaru
  4834 | D:5      | Got a crude hand axe
  4835 | D:5      | Identified the +8 hand axe of Waler {venom, MR++} (You
                  | found it on level 5 of the Dungeon)
  4844 | D:5      | Noticed Eustachio
  4856 | D:5      | Killed Eustachio
  4856 | D:5      | Reached XP level 7. HP: 75/79 MP: 6/9
  4888 | D:5      | Reached skill level 8 in Fighting
  4945 | D:5      | Found a white marble altar of Elyvilon.
  5110 | D:5      | Found a shattered altar of Ashenzari.
  5290 | D:5      | Found a hazy altar of Hepliaklqana.
  5472 | D:5      | Found a bloodstained altar of Trog.
  5521 | D:5      | Reached skill level 5 in Invocations
  5702 | D:6      | Found a glowing golden altar of the Shining One.
  5787 | D:6      | Reached skill level 9 in Fighting
  5787 | D:6      | Reached XP level 8. HP: 59/92 MP: 10/12
  5846 | D:6      | Got a crystal hand axe
  5936 | D:6      | Reached ** piety under Okawaru
  5973 | D:6      | Identified the +4 hand axe of Indignation {speed, Dex+3}
                  | (You found it on level 6 of the Dungeon)
  5986 | D:6      | Slain by a gnoll sergeant

Levels and vault maps discovered:
D:1:      grunt_arrival_crossed_arrows, layout_rooms
D:2:      layout_loops_corners, minivault_23
D:3:      layout_basic, grunt_dithmenos_smoke_and_mirrors,
          lemuel_coloured_pillars_altar, minmay_misc_feat_tiny,
          minmay_misc_feat_encased, st_stairs_9, small_statue_intersection,
          minmay_tree_intersection
D:4:      layout_basic
D:5:      layout_basic, nicolae_ashenzari_panopticon, elyvilon_altar_5,
          first_ration, basic_altar, trog_three_pillars_becter, uniq_eustachio
D:6:      layout_cave_pools, nicolae_ossuary_entry_plus, serial_gnoll_camp,
          gnoll_camp_mini_sergeant, gnoll_camp_medium_02, gnoll_camp_huts_moat,
          gnoll_camp_mini_loothouse, nicolae_tso_swordbearing_angel

Skill      XL: |  1  2  3  4  5  6  7 |
---------------+----------------------+-----
Fighting       | 3 4 5 6 7 9 |  9.4
Maces & Flails | 1 |  1.5
Dodging        | 2 |  2.0
Invocations    | 2 3 5 |  5.9
Throwing       | |  4.0
Armour         | |  0.3
Stealth        | |  0.6

Action                   |  1- 3 |  4- 6 |  7- 9 || total
-------------------------+-------+-------+-------++-------
Melee: Short sword       |   176 |       |       ||   176
       Mace              |    13 |   150 |       ||   163
       Hand axe          |       |     4 |    88 ||    92
       Punch             |       |     1 |       ||     1
Throw: Stone             |    26 |    16 |       ||    42
       Throwing net      |       |     1 |       ||     1
Invok: Heroism           |       |     1 |     1 ||     2
  Use: Scroll            |       |     6 |     2 ||     8
       Potion            |       |       |     2 ||     2
 Stab: Sleeping          |     2 |     3 |     1 ||     6
       Held in net/web   |       |     1 |       ||     1
  Eat: Chunk             |     3 |    10 |     3 ||    16
Armor: Robe              |    58 |    53 |    15 ||   126
Dodge: Dodged            |   116 |    98 |    67 ||   281
